 Dungeon Crawl Stone Soup version 0.29.1-1-gd02db6906a (webtiles) character file.

Game seed: 5947976244130722197

161 MisterFreud the Twirler (level 5, -1/41 HPs)
             Began as a Formicid Gladiator on Oct 3, 2022.
             Was a Follower of Yredelemnul.
             Slain by an ogre
             ... wielding a +0 giant spiked club
              (16 damage)
             ... on level 4 of the Dungeon.
             The game lasted 00:03:11 (3596 turns).

MisterFreud the Twirler (Formicid Gladiator)        Turns: 3596, Time: 00:03:12

Health: -1/41      AC: 11    Str: 21    XL:     5   Next: 70%
Magic:  5/5        EV:  9    Int:  7    God:    Yredelemnul [*.....]
Gold:   242        SH:  0    Dex: 15    Spells: 4/4 levels left

rFire   . . .      SeeInvis +   a - +1 quarterstaff
rCold   . . .      Faith    .   (no shield)
rNeg    . . .      Spirit   .   j - +3 chain mail
rPois   .          Reflect  .   (helmet unavailable)
rElec   .          Harm     .   (no cloak)
rCorr   .          Rampage  .   (no gloves)
Will    .....                   (no boots)
Stlth   ..........              (no amulet)
HPRegen 0.13/turn               (no ring)
MPRegen 0.09/turn               (no ring)

@: no status effects
A: permanent stasis, dig shafts and tunnels, antennae 3, four strong arms
a: Dig, Shaft Self, Renounce Religion, Recall Undead Harvest


You were on level 4 of the Dungeon.
You worshipped Yredelemnul.
Yredelemnul was noncommittal.
You visited 2 branches of the dungeon, and saw 5 of its levels.

You collected 242 gold pieces.

Inventory:

Hand Weapons
 a - a +1 quarterstaff (weapon)
Missiles
 c - 3 throwing nets (quivered)
 d - a javelin
 m - 6 poisoned darts
 o - 6 boomerangs
Armour
 b - a +0 leather armour
 j - a +3 chain mail (worn)
Jewellery
 i - an amulet of magic regeneration
Scrolls
 f - a scroll of immolation {unknown}
 h - a scroll of poison {unknown}
 l - a scroll of enchant armour {unknown}
Potions
 e - 5 potions of curing
 g - a potion of degeneration
 k - 2 potions of lignification {unknown}
 n - a potion of magic {unknown}


   Skills:
 - Level 3.0 Fighting
 + Level 4.3 Staves
 - Level 2.6 Throwing
 + Level 2.3 Armour
 - Level 3.2 Dodging


You had 4 spell levels left.
You didn't know any spells.
Your spell library contained the following spells:

 Spells                   Type           Power      Damage    Failure   Level
 Scorch                   Fire           0%         2d5       100%        2
 Flame Wave               Conj/Fire      0%         2d4       100%        4
 Summon Cactus Giant      Summ           0%         N/A       100%        6


Dungeon Overview and Level Annotations

Branches:
Dungeon (4/15)             Temple (1/1) D:4

Altars:
Ashenzari
Cheibriados
Dithmenos
Elyvilon
Fedhas
Gozag
Kikubaaqudgha
Nemelex Xobeh
Okawaru
Qazlal
Ru
Sif Muna
Uskayaw
Vehumet
Yredelemnul
The Shining One

Shops:
D:4 :

Annotations:
Temple 2 transporters


Innate Abilities, Weirdness & Mutations

You cannot be hasted, slowed, berserked, paralysed or teleported.
You can dig through walls and to a lower floor.
You have a pair of large antennae on your head. (SInv)
Your four strong arms can wield two-handed weapons with a shield.


Message History

No target in view!
Unknown command.
You feel sick.
You feel sick.
You are no longer poisoned.
You swap places.
k - 2 gluggy blue potions You open the door.
There is an open door here.
You open the door.
There is an open door here.
l - a scroll labelled CIGIACH ABLEH As you open the door, it creaks loudly!
A hound, an ogre and a goblin come into view.
The hound barks!
The ogre shouts!
The goblin shouts!
There are monsters nearby!
There are monsters nearby!
There is an open door here.
You hit the hound.
The hound is lightly wounded.
The goblin hits you but does no damage.
The hound splashes around in the water.
You hit the hound.
The hound is lightly wounded.
The hound bites you but does no damage. The goblin barely misses you.
The ogre closely misses you.
You swap places.
The hound bites your iguana zombie.
The hound splashes around in the water.
The goblin hits your iguana zombie with a +0 dagger.
Your iguana zombie bites the goblin.
You swap places.
The ogre hits you with a +0 giant spiked club!
The hound bites you. The goblin hits you with a +0 dagger.
There is an open door, spattered with blood here.
You are too injured to fight recklessly!
You barely miss the goblin.
The goblin is moderately wounded.
The hound bites you.
The hound splashes around in the water.
The ogre hits you with a +0 giant spiked club!
You die...
Your body rises from the dead as a mindless zombie.

{ ###+###
~~~.~~~ ....~ .#
#.h#### .#
#.g@ZZ##.#
#.O##Z##.#
....~##.##.#
~~~.~~~#...#.##
###+######....##
#.....#
#....###### #
#.#........ ..
#...####### #.


You could see an ogre, a hound (ally target), a goblin (ally target), a friendly
iguana zombie, a friendly hobgoblin zombie and a friendly kobold zombie.

Vanquished Creatures
  An iguana (D:4)
  6 adders
  2 worms
  2 dart slugs (D:1)
  3 orcs (D:3)
  3 ball pythons
  6 endoplasms
  3 giant cockroaches (D:3)
  8 hobgoblins
  A quokka (D:2)
  7 bats
  2 frilled lizards (D:1)
  10 goblins
  8 kobolds
  6 rats
68 creatures vanquished.

Vanquished Creatures (collateral kills)
  A goblin (D:4)
1 creature vanquished.

Grand Total: 69 creatures vanquished

Notes
Turn   | Place    | Note
-------+----------+-------------------------------------------
     0 | D:1      | MisterFreud the Formicid Gladiator began the quest for the
                  | Orb.
     0 | D:1      | Reached XP level 1. HP: 16/16 MP: 1/1
   152 | D:1      | Reached XP level 2. HP: 18/23 MP: 2/2
   402 | D:1      | Found a faded altar of an unknown god.
   693 | D:1      | Reached XP level 3. HP: 25/28 MP: 3/3
  1427 | D:2      | Reached XP level 4. HP: 33/34 MP: 4/4
  1922 | D:2      | You fall into a shaft and drop 1 floor!
  2383 | D:3      | Reached skill level 1 in Armour
  2508 | D:3      | Reached XP level 5. HP: 40/41 MP: 5/5
  2604 | D:3      | Found an opulent altar of Gozag.
  2818 | D:3      | Reached skill level 4 in Staves
  3059 | D:4      | Found Ceoh's Book Shop.
  3067 | D:4      | Found a staircase to the Ecumenical Temple.
  3107 | Temple   | Entered the Ecumenical Temple
  3107 | Temple   | Found a transporter.
  3107 | Temple   | Found a transporter.
  3109 | Temple   | Found a transporter.
  3109 | Temple   | Found a transporter.
  3130 | Temple   | Became a worshipper of Yredelemnul the Dark
  3251 | D:4      | Found a shadowy altar of Dithmenos.
  3378 | D:4      | Reached * piety under Yredelemnul
  3590 | D:4      | Noticed an ogre
  3596 | D:4      | Slain by an ogre

Illustrated notes

Levels and vault maps discovered:
D:1:      dpeg_arrival_three_bigger_balls, layout_rooms, basic_ecumenical_altar
D:2:      layout_loops_cross
D:3:      layout_basic, grunt_gozag_statues, minivault_19
D:4:      cheibrodos_quashed, layout_loops_corners,
          mainiacjoe_overflow_tiny_flanked, minmay_temple_entry_junction,
          serial_shops, shop_statue, kennysheep_generic_room_11, uniq_sigmund
Temple:   hellmonk_temple_divided_pantheon

Skill      XL: |  1  2  3  4  5 |
---------------+----------------+-----
Dodging        | 3 |  3.2
Fighting       | 3 |  3.0
Armour         | 1 2 |  2.3
Staves         | 4 |  4.3
Throwing       | |  2.6

Action                   |  1- 3 |  4- 6 || total
-------------------------+-------+-------++-------
Melee: Quarterstaff      |    78 |   116 ||   194
       Punch             |       |     1 ||     1
  Use: Scroll            |       |     6 ||     6
Armor: Leather armour    |    22 |     3 ||    25
       Chain mail        |       |    56 ||    56
Dodge: Dodged            |    64 |    66 ||   130
